 Dungeon Crawl Stone Soup version 0.29.1-12-g30fa7ad0bf (webtiles) character file.

Game seed: 3204987859458603589

2174 Descartes the Magician (level 9, -6/45 HPs)
             Began as a Deep Elf Wanderer on Jan 2, 2023.
             Mangled by an orc warrior
             ... wielding a +0 scimitar
              (19 damage)
             ... on level 6 of the Dungeon.
             The game lasted 00:30:53 (7806 turns).

Descartes the Magician (Deep Elf Wanderer)          Turns: 7806, Time: 00:30:54

Health: -6/45      AC:  6    Str:  6    XL:     9   Next: 11%
Magic:  14/20      EV: 17    Int: 23    God:
Gold:   546        SH:  0    Dex: 16    Spells: 11/20 levels left

rFire   + . .      SeeInvis .   c - +0 dagger (venom)
rCold   . . .      Faith    .   (no shield)
rNeg    . . .      Spirit   .   q - +0 leather armour
rPois   .          Reflect  .   p - +0 helmet
rElec   .          Harm     .   (no cloak)
rCorr   .          Rampage  .   d - +0 pair of gloves
Will    .....                   n - +0 pair of boots
Stlth   +++.......              (no amulet)
HPRegen 0.15/turn               w - +4 ring of evasion
MPRegen 0.17/turn               a - ring of protection from fire

@: no status effects
A: no striking features
a: no special abilities


You were on level 6 of the Dungeon.
You visited 2 branches of the dungeon, and saw 8 of its levels.

You collected 546 gold pieces.

Inventory:

Hand Weapons
 c - a +0 dagger of venom (weapon)
 x - a +0 sling
 R - a +0 rapier
Missiles
 F - 6 poisoned darts (quivered)
 H - 11 javelins
 I - 2 boomerangs
Armour
 d - a +0 pair of gloves (worn)
 n - a +0 pair of boots (worn)
 p - a +0 helmet (worn)
 q - a +0 leather armour (worn)
Jewellery
 a - a ring of protection from fire (right hand)
 w - a +4 ring of evasion (left hand)
 C - a ring of wizardry
 P - a ring of see invisible
Wands
 r - a wand of mindburst (12)
 y - a wand of digging (4)
 M - a wand of iceblast (2)
Scrolls
 b - a scroll of silence
 f - 2 scrolls of blinking {unknown}
 h - 4 scrolls of immolation
 i - 2 scrolls of poison {unknown}
 l - a scroll of torment {unknown}
 m - a scroll of noise {unknown}
 o - a scroll of brand weapon {unknown}
 s - 4 scrolls of teleportation {unknown}
 t - 7 scrolls of identify
 u - a scroll of amnesia {unknown}
 v - a scroll of fear {unknown}
 G - a scroll of butterflies {unknown}
 O - a scroll of magic mapping {unknown}
Potions
 e - a potion of cancellation {unknown}
 g - a potion of magic {unknown}
 j - a potion of ambrosia {unknown}
 k - 3 potions of brilliance {unknown}
 z - 3 potions of might {unknown}
 A - a potion of mutation {unknown}
 B - 4 potions of curing {unknown}
 D - a potion of lignification {unknown}
 E - 2 potions of degeneration {unknown}
 J - a potion of resistance {unknown}
 K - a potion of attraction {unknown}
 L - 2 potions of berserk rage {unknown}
 N - a potion of heal wounds
 Q - a potion of flight {unknown}


   Skills:
 + Level 4.0 Dodging
 + Level 5.1 Stealth
 + Level 6.2 Spellcasting
 * Level 5.3 Conjurations
 + Level 2.3 Summonings
 * Level 5.8 Air Magic
 * Level 5.3 Earth Magic
 + Level 3.3 Poison Magic
 + Level 4.6 Evocations


You had 11 spell levels left.
You knew the following spells:

 Your Spells              Type           Power      Damage    Failure   Level
a - Shock                 Conj/Air       100%       1d9       1%          1
b - Sandblast             Erth           62%        2d14      1%          1
c - Summon Lightning Spi  Summ/Air       26%        N/A       24%         4
d - Stone Arrow           Conj/Erth      62%        3d10      4%          3

Your spell library contained the following spells:

 Spells                   Type           Power      Damage    Failure   Level
 Mephitic Cloud           Conj/Pois/Air  29%        N/A       5%          3
 Ozocubu's Armour         Ice            7%         N/A       36%         3
 Metabolic Englaciation   Hex/Ice        3%         N/A       98%         5
 Simulacrum               Ice/Necr       3%         N/A       100%        6


Dungeon Overview and Level Annotations

Branches:
Dungeon (7/15)             Temple (1/1) D:6

Altars:
Ashenzari
Elyvilon
Hepliaklqana
Kikubaaqudgha
Makhleb
Nemelex Xobeh
Qazlal
Sif Muna
Trog
Uskayaw
Vehumet
Wu Jian
Xom
Zin
The Shining One


Message History

The blast of sand hits the sky beast.
The sky beast is lightly wounded.
The orc barely misses you. The sky beast completely misses you.
Casting: Sandblast (safe; 1% risk of failure)
Confirm with . or Enter, or press ? or * to list all spells.
Aiming: Sandblast (safe; 1% risk of failure)
Press: ? - help, Shift-Dir - straight line, f/p - sky beast
Aim: a sky beast (lightly wounded, ally target, 78% to hit)
The blast of sand misses the sky beast.
An orc comes into view. It is wielding a +0 hand axe.
An iguana comes into view.
The orc hits you with a +0 dagger. The sky beast completely misses you.
The sky beast closely misses you. The orc misses you.
The orc warrior misses you.
The iguana moves out of view.
Your magical contamination has completely faded away.
Unknown command.
The orc barely misses you. The orc warrior closely misses you.
The sky beast hits you but does no damage.
The orc closely misses you. The orc warrior barely misses you.
The sky beast barely misses you.
You climb upwards.
There is a stone staircase leading down here.
The orc warrior hits you with a +0 scimitar!
The sky beast barely misses you. The orc hits you with a +0 dagger.
You climb downwards.
Your lightning spire disappears in a puff of smoke!
The orc hits you but does no damage.
There is a stone staircase leading up here.
The orc closely misses you. The sky beast closely misses you.
The orc warrior hits you with a +0 scimitar!
* * * LOW HITPOINT WARNING * * *
The orc hits you but does no damage.
You climb upwards.
There is a stone staircase leading down here.
As you read the scroll labelled ENNIUT RYPPU, it crumbles to dust.
It is a scroll of identify.
h - 4 scrolls of immolation The orc barely misses you.
The orc hits you but does no damage.
The orc warrior hits you with a +0 scimitar!!
You die...

####### #.....# #.###.#
#.#...# #.#.#####
######## #.#.##@o##
#......### #.#.##ooY#
#......... #....#.#.#
#......##^ ###......##
#......##. ##.#....#
####..[....
####.#.#..###.....#.###
#...........#.....#.##.
#........#.............
#........#.##.......##.


You could see an orc warrior, a sky beast and 2 orcs.

Vanquished Creatures
  Grinder (D:2)
  2 black bears (D:6)
  An ogre (D:6)
  2 phantoms (D:6)
  2 necrophages
  6 scorpions
  Dowan (D:6)
  A howler monkey (D:5)
  4 jellies
  4 hounds
  An orc priest (D:5)
  Jessica (D:3)
  2 iguanas (D:6)
  Ijyb (D:4)
  3 orc wizards
  Robin (D:3)
  12 gnolls
  8 adders
  3 shadow imps
  2 white imps
  An ufetubus (D:6)
  4 worms
  3 dart slugs
  17 orcs
  7 ball pythons
  3 bats
  5 endoplasms
  A giant cockroach (D:1)
  31 hobgoblins
  2 jackals (D:2)
  4 quokkas
  2 frilled lizards
  39 goblins
  12 kobolds
  4 rats
193 creatures vanquished.

Vanquished Creatures (collateral kills)
  Duvessa (D:6)
  An orc wizard (D:7)
  3 orcs (D:7)
5 creatures vanquished.

Vanquished Creatures (others)
  A dart slug (D:4)
  13 plants (D:2)
14 creatures vanquished.

Grand Total: 212 creatures vanquished

Notes
Turn   | Place    | Note
-------+----------+-------------------------------------------
     0 | D:1      | Descartes the Deep Elf Wanderer began the quest for the
                  | Orb.
     0 | D:1      | Descartes set off with the following items: a +0 dagger, a
                  | scroll of silence, a +0 robe, a +0 pair of gloves; and the
                  | following spells available to memorise: Shock, Sandblast,
                  | Mephitic Cloud, Stone Arrow, Summon Lightning Spire.
     0 | D:1      | Reached XP level 1. HP: 10/10 MP: 7/7
     2 | D:1      | Learned a level 1 spell: Shock
     4 | D:1      | Learned a level 1 spell: Sandblast
   233 | D:1      | Reached skill level 1 in Conjurations
   233 | D:1      | Reached XP level 2. HP: 9/15 MP: 0/9
   936 | D:2      | Reached XP level 3. HP: 18/19 MP: 2/10
   938 | D:2      | Reached skill level 1 in Earth Magic
  1313 | D:2      | Found a faded altar of an unknown god.
  1679 | D:3      | Noticed Jessica
  1687 | D:3      | Killed Jessica
  1688 | D:3      | Reached skill level 1 in Dodging
  1688 | D:3      | Reached XP level 4. HP: 3/24 MP: 4/12
  1959 | D:3      | Found a radiant altar of Vehumet.
  2317 | D:3      | Reached skill level 1 in Poison Magic
  2322 | D:3      | Reached XP level 5. HP: 28/28 MP: 10/14
  2477 | D:3      | Noticed Grinder
  2481 | D:3      | Paralysed by Grinder for 5 turns
  2722 | D:2      | HP: 1/28 [Grinder (3)]
  2724 | D:2      | Killed Grinder
  2725 | D:2      | Reached skill level 5 in Spellcasting
  2725 | D:2      | Reached XP level 6. HP: 19/32 MP: 4/15
  2899 | D:3      | Noticed Robin
  3205 | D:3      | Killed Robin
  3949 | D:3      | Reached XP level 7. HP: 36/36 MP: 6/16
  4527 | D:4      | Noticed Ijyb
  4533 | D:4      | Killed Ijyb
  4582 | D:4      | Noticed an angel
  4584 | D:4      | Found a glowing silver altar of Zin.
  4584 | D:4      | Found a shimmering altar of Xom.
  5304 | D:4      | Found a stormy altar of Qazlal.
  5470 | D:4      | Learned a level 4 spell: Summon Lightning Spire
  5474 | D:4      | Learned a level 3 spell: Stone Arrow
  5573 | D:5      | Entered Level 5 of the Dungeon
  5782 | D:5      | Reached XP level 8. HP: 41/41 MP: 9/18
  5803 | D:4      | Reached skill level 5 in Air Magic
  5936 | D:5      | Reached skill level 1 in Summonings
  6897 | D:6      | Reached skill level 6 in Spellcasting
  7053 | D:6      | Reached skill level 5 in Conjurations
  7053 | D:6      | Reached skill level 5 in Earth Magic
  7123 | D:6      | Found a staircase to the Ecumenical Temple.
  7152 | Temple   | Entered the Ecumenical Temple
  7354 | D:6      | Reached skill level 5 in Stealth
  7361 | D:6      | Reached XP level 9. HP: 37/45 MP: 9/20
  7521 | D:6      | Noticed Duvessa
  7521 | D:6      | Noticed Dowan
  7538 | D:6      | Found a broken altar of Ashenzari.
  7581 | D:6      | Killed Duvessa
  7622 | D:6      | Killed Dowan
  7806 | D:6      | Mangled by an orc warrior

Illustrated notes

Levels and vault maps discovered:
D:1:      tarquinn_simple_flora_water_a, layout_rooms
D:2:      layout_loops_ring, hellmonk_ecumenical_altar_leap_of_faith,
          serial_bayou, serial_bayou_pond_c, serial_bayou_pond_a,
          serial_bayou_pond_a, serial_bayou_shore_b, cheibrodos_gnoll_hut
D:3:      minmay_goblin_kobold_castle, layout_rooms, nicolae_vehumet_radiance,
          uniq_jessica, uniq_grinder, uniq_robin
D:4:      minmay_opposing_rooms, layout_basic,
          grunt_temple_overflow_order_and_chaos_1, amcnicky_altar_gilded,
          uniq_ijyb
D:5:      layout_gridville, chequers_serial_rivers_micro_a
D:6:      minmay_chambers_of_threes, layout_basic, nicolae_ashenzari_skybound,
          temple_green, uniq_duvessa
D:7:      layout_basic, chequers_temple_overflow_statue_of_worship, uniq_joseph
Temple:   eino_temple_lava

Skill      XL: |  1  2  3  4  5  6  7  8  9 |
---------------+----------------------------+-----
Conjurations   | 1 2 3 4 5 |  5.3
Earth Magic    | 1 2 3 4 5 |  5.3
Dodging        | 1 2 3 4 |  4.0
Stealth        | 3 4 5 |  5.1
Poison Magic   | 1 2 3 |  3.3
Evocations     | 3 4 |  4.6
Spellcasting   | 5 6 |  6.2
Air Magic      | 4 5 |  5.8
Summonings     | 2 |  2.3

Action                   |  1- 3 |  4- 6 |  7- 9 || total
-------------------------+-------+-------+-------++-------
Melee: Dagger            |     1 |     1 |     4 ||     6
 Cast: Sandblast         |    23 |    49 |    94 ||   166
       Shock             |    33 |   129 |   131 ||   293
       Summon Lightning  |       |       |     3 ||     3
  Use: Potion            |       |     2 |       ||     2
       Scroll            |       |       |     1 ||     1
Armor: Robe              |     1 |       |       ||     1
       Leather armour    |     1 |    12 |    19 ||    32
Dodge: Dodged            |    11 |    34 |    87 ||   132
